 Dungeon Crawl Stone Soup version 0.29-a0-284-gf9362112df (webtiles) character file.

Game seed: 3422699360940462562

331 bande the Skirmisher (level 6, 0/39 HPs)
             Began as a Gargoyle Fighter on Mar 30, 2022.
             Slain by a yak (2 damage)
             ... on level 4 of the Dungeon.
             The game lasted 00:06:46 (3487 turns).

bande the Skirmisher (Gargoyle Fighter)             Turns: 3487, Time: 00:06:47

Health: 0/39       AC: 18    Str: 20    XL:     6   Next: 51%
Magic:  6/6        EV:  7    Int:  8    God:
Gold:   798        SH:  4    Dex: 11    Spells: 5/5 levels left

rFire   . . .      SeeInvis .   a - +0 war axe
rCold   . . .      Faith    .   c - +0 buckler
rNeg    + . .      Spirit   .   e - +0 chain mail
rPois   ∞          Reflect  .   l - +1 helmet
rElec   +          Harm     .   (no cloak)
rCorr   .          Rampage  .   (no gloves)
Will    .....                   b - +1 pair of boots {Stlth+}
Stlth   ..........              (no amulet)
HPRegen 0.13/turn               (no ring)
MPRegen 0.10/turn               (no ring)

@: no status effects
A: sickness immunity, AC +4, negative energy resistance 1, electricity
resistance, torment resistance 1, petrification resistance
a: no special abilities


You were on level 4 of the Dungeon.
You visited 1 branch of the dungeon, and saw 4 of its levels.

You collected 1015 gold pieces.
You spent 217 gold pieces at shops.

Inventory:

Hand Weapons
 a - a +0 war axe (weapon)
 h - the +7 flail of Ash {drain, Str+2}
   (You found it on level 2 of the Dungeon)

   A truly terrible weapon, it drains the life of any living foe it strikes.
   Str:       It affects your strength (+2).
Armour
 b - a +1 pair of boots of stealth (worn)
 c - a +0 buckler (worn)
 e - a +0 chain mail (worn)
 l - a +1 helmet (worn)
Potions
 d - 2 potions of might
 f - a potion of curing
 g - a potion of magic {unknown}
 j - 2 potions of lignification {unknown}


   Skills:
 + Level 4.5 Fighting
 + Level 4.4 Axes
 + Level 4.4 Armour
 + Level 0.1 Stealth
 + Level 4.0 Shields


You had 5 spell levels left.
You didn't know any spells.
Your spell library contained the following spells:

 Spells                   Type           Power      Damage    Failure   Level
 Summon Small Mammal      Summ           0%         N/A       99%         1
 Summon Guardian Golem    Hex/Summ       0%         N/A       100%        3
 Monstrous Menagerie      Summ           0%         N/A       100%        7
 Dragon's Call            Summ           0%         N/A       100%        9


Dungeon Overview and Level Annotations

Branches:
Dungeon (4/15)
 Temple: D:4-7

Altars:
Fedhas
Ru
Uskayaw

Shops:
D:3 [


Innate Abilities, Weirdness & Mutations

You are immune to sickness and miasma.
Your stone body is resilient. (AC +4)
You are immune to poison.
You resist negative energy. (rN+)
You are resistant to electric shocks. (rElec)
You are resistant to unholy torment.
You are immune to petrification.


Message History

You slash the yak!
The yak is severely wounded.
You block the yak's attack.
You slash the yak!
The yak is almost dead.
The yak barely misses you. The yak gores you.
You barely miss the yak.
The yak is almost dead.
The yak gores you but does no damage.
You hit the yak.
You kill the yak!
Your Axes skill increases to level 4!
Your Shields skill increases to level 4!
You have reached level 6!
You slash the yak!
The yak is moderately wounded.
You block the yak's attack. The yak gores you.
You hit the yak.
The yak is heavily wounded.
The yak gores you but does no damage.
You completely miss the yak.
The yak is heavily wounded.
The yak gores you.
You hit the yak.
The yak is heavily wounded.
The yak gores you! The yak closely misses you.
You are too injured to fight recklessly!
You are too injured to fight recklessly!
You are too injured to fight recklessly!
You are too injured to fight recklessly!
The yak attacks as you move away! You block the yak's attack.
The yak attacks as you move away! The yak barely misses you.
The yak attacks as you move away! The yak gores you!
* * * LOW HITPOINT WARNING * * *
The yak attacks as you move away! The yak gores you but does no damage.
The yak attacks as you move away! The yak gores you.
* * * LOW HITPOINT WARNING * * *
There is a stone staircase leading up here.
The yak gores you.
You die...

......# ##..##...#
.####.. #......# ##...#
##.....# .
#.....#######Y....## ..
#..................#...
##...Y.Y...........
#..########........
#.###.Y### ##.....#...
.._.....Y@####......#
.#.#......[.#...##...#
....###....(..## #..#
...## ###....## ..# ..#
###..# ... .# #..# ....
#.## ... ..# #..#


You could see 2 yaks.

Vanquished Creatures
  A yak (D:4)
  A hound (D:2)
  An orc priest (D:3)
  Robin (D:3)
  3 adders
  2 worms (D:2)
  2 dart slugs
  3 orcs (D:3)
  6 ball pythons
  11 endoplasms
  2 giant cockroaches
  15 goblins
  8 hobgoblins
  2 kobolds
  4 quokkas
  4 bats
  3 frilled lizards
  8 rats
77 creatures vanquished.

Vanquished Creatures (others)
  7 plants (D:1)
7 creatures vanquished.

Grand Total: 84 creatures vanquished

Notes
Turn   | Place    | Note
-------+----------+-------------------------------------------
     0 | D:1      | bande the Gargoyle Fighter began the quest for the Orb.
     0 | D:1      | Reached XP level 1. HP: 14/14 MP: 1/1
    89 | D:1      | Reached XP level 2. HP: 13/19 MP: 2/2
   410 | D:1      | Got the Tome of Megalomania
   893 | D:1      | Reached XP level 3. HP: 24/24 MP: 3/3
  1565 | D:2      | Reached XP level 4. HP: 28/29 MP: 4/4
  1666 | D:2      | Found a blossoming altar of Fedhas.
  1699 | D:2      | Identified the +7 flail of Ash {drain, Str+2}
  2262 | D:3      | Found a faded altar of an unknown god.
  2262 | D:3      | Found Xitogh's Antique Armour Shop.
  2264 | D:3      | Noticed Robin
  2633 | D:3      | Killed Robin
  2634 | D:3      | Reached XP level 5. HP: 27/33 MP: 5/5
  2702 | D:3      | Identified a scroll of acquirement
  2702 | D:3      | Acquired 814 gold pieces
  2707 | D:3      | Bought a pair of embroidered boots for 217 gold pieces
  2775 | D:3      | Found a sacrificial altar of Ru.
  2891 | D:3      | HP: 1/33 [dart slug/slug dart (1)]
  3410 | D:4      | Found a hide-covered altar of Uskayaw.
  3439 | D:4      | Noticed a yak
  3439 | D:4      | Noticed a yak
  3440 | D:4      | Noticed a yak
  3441 | D:4      | Noticed a yak
  3442 | D:4      | Noticed a yak
  3460 | D:4      | Killed a yak
  3461 | D:4      | Reached XP level 6. HP: 24/39 MP: 6/6
  3486 | D:4      | HP: 1/39 [yak (6)]
  3487 | D:4      | Slain by a yak

Illustrated notes

Levels and vault maps discovered:
D:1:      minmay_arrival_hallway, layout_loops_ring, serial_bayou,
          serial_bayou_lagoon_b, serial_bayou_pond_a, serial_bayou_crossing,
          serial_bayou_lagoon_a, serial_bayou_shore_b, serial_bayou_pond_b
D:2:      layout_basic, basic_altar
D:3:      layout_rooms, nicolae_ru_awakened_eye,
          chequers_ecumenical_altar_simple, serial_shops,
          nicolae_shop_advertising_works [nicolae_subvault_shop_adworks],
          kennysheep_small_spiral, uniq_robin
D:4:      layout_layer_cave, mainiacjoe_overflow_chevrons, lemuel_crystal_altar,
          lemuel_coloured_pillars_altar, serial_shops, shop, minivault_27,
          guppyfry_shop_venom, uniq_edmund, uniq_grinder

Skill      XL: |  1  2  3  4  5 |
---------------+----------------+-----
Axes           | 2 3 4 |  4.4
Fighting       | 4 |  4.5
Armour         | 4 |  4.4
Shields        | 4 |  4.0
Stealth        | |  0.1

Action                   |  1- 3 |  4- 6 || total
-------------------------+-------+-------++-------
Melee: War axe           |   104 |   160 ||   264
  Use: Scroll            |     2 |     3 ||     5
       Potion            |       |     1 ||     1
Armor: Scale mail        |    27 |       ||    27
       Chain mail        |    30 |   151 ||   181
Dodge: Dodged            |    59 |    76 ||   135
Block: Buckler           |    23 |    62 ||    85

Table legend: (Time is in decaauts)
 A = Elapsed time spent in this place.
 B = Non-inter-level travel time spent in this place.
 C = Inter-level travel time spent in this place.
 D = Time resting spent in this place.
 E = Time spent auto-exploring this place.
 F = Levels seen in this place.
 G = Mean time per level.
                   A        B        C        D        E       F      G
               +--------+--------+--------+--------+--------+-----+--------+
         Total |   3658 |   3603 |     55 |    500 |   2306 |   4 |  914.5 |
       Dungeon |   3658 |   3603 |     55 |    500 |   2306 |   4 |  914.5 |
               +--------+--------+--------+--------+--------+-----+--------+

Top non-repeatable levels by time:
     D:2: 1611 daAuts
     D:1: 1168 daAuts
     D:3: 795 daAuts
     D:4: 83 daAuts
